 Dungeon Crawl Stone Soup version 0.28.0-53-g5a82cb258f (webtiles) character file.

Game seed: 209196689613104023

114 styxcanada the Sneak (level 4, -3/23 HPs)
             Began as a Spriggan Brigand on Aug 13, 2022.
             Slain by a gnoll
             ... wielding a +0 halberd
              (8 damage)
             ... on level 3 of the Dungeon on Aug 14, 2022.
             The game lasted 00:09:24 (3098 turns).

styxcanada the Sneak (Spriggan Brigand)             Turns: 3098, Time: 00:09:25

Health: -3/23      AC:  3    Str: 13    XL:     4   Next: 66%
Magic:  5/5        EV: 17    Int: 12    God:
Gold:   141        SH:  0    Dex: 18    Spells: 3/3 levels left

rFire   . . .      SeeInvis +   a - +2 dagger
rCold   . . .      Faith    .   (no shield)
rNeg    + . .      Spirit   .   b - +0 robe
rPois   .          Reflect  .   (helmet restricted)
rElec   .          Harm     .   c - +0 cloak
rCorr   .          Rampage  .   (gloves unavailable)
Will    .....                   (boots unavailable)
Stlth   ++++......              o - amulet of magic regeneration
HPRegen 0.07/turn               i - +6 ring of strength
MPRegen 0.49/turn               p - ring of positive energy

@: very quick
A: very small, no large weapons, unfitting armour, see invisible, speed 3
a: no special abilities


You were on level 3 of the Dungeon.
You visited 1 branch of the dungeon, and saw 3 of its levels.

You collected 141 gold pieces.

Inventory:

Hand Weapons
 a - a +2 dagger (weapon)
Missiles
 d - 2 poisoned darts
 e - a curare-tipped dart (quivered)
 f - 112 stones
 n - 12 sling bullets
Armour
 b - a +0 robe (worn)
 c - a +0 cloak (worn)
Jewellery
 i - a +6 ring of strength (left hand)
 o - an amulet of magic regeneration (around neck)
 p - a ring of positive energy (right hand)
 q - an amulet of regeneration
Scrolls
 j - a scroll of fog {unknown}
 k - a scroll of enchant armour {unknown}
 l - 2 scrolls of identify {unknown}
 m - 2 scrolls of vulnerability {unknown}
Potions
 g - a potion of might {unknown}
 h - 2 potions of mutation {unknown}
 r - a potion of degeneration {unknown}


   Skills:
 * Level 2.0 Fighting
 + Level 2.7 Short Blades
 + Level 2.4 Throwing
 * Level 2.5 Dodging
 * Level 7.8 Stealth


You had 3 spell levels left.
You didn't know any spells.
Your spell library contained the following spells:

 Spells                   Type           Power      Damage    Failure   Level
 Tukima's Dance           Hex            0%         N/A       69%         3
 Passage of Golubria      Tloc           0%         N/A       97%         4
 Yara's Violent Unravell  Hex/Tmut       0%         3d3       100%        5


Dungeon Overview and Level Annotations

Branches:
Dungeon (3/15)

Altars:


Innate Abilities, Weirdness & Mutations

You are very small and have problems with some larger weapons.
You are too small for most types of armour.
You have supernaturally acute eyesight. (SInv)
You cover ground extremely quickly. (Speed+++)


Message History

The gnoll looks even sicker.
Found a stone staircase leading up.
A black bear comes into view.
The gnoll hits you from afar with a +0 spear.
The gnoll hits you from afar with a +0 spear!
The gnoll hits you from afar with a +0 spear.
* * * LOW HITPOINT WARNING * * *
The gnoll looks more healthy.
The gnoll shouts!
The black bear growls angrily.
You see here 2 poisoned darts.
You are no longer glowing.
You see here a poisoned dart.
You see here a poisoned dart.
Throw: dart (poison)
Press: ? - help, Q - select action, (/) - cycle Shift-Dir - straight line, f/p - gnoll
Aim: a gnoll, wielding a +0 spear (almost dead, fast, 65% to hit)
You throw a poisoned dart. The poisoned dart hits the black bear.
The black bear is poisoned.
Unknown command.
Throw: 2 darts (curare)
Press: ? - help, Q - select action, (/) - cycle Shift-Dir - straight line, f/p - gnoll
Aim: a gnoll, wielding a +0 spear (almost dead, fast, 65% to hit)
You throw a curare-tipped dart.
The curare-tipped dart closely misses the black bear.
The curare-tipped dart hits the gnoll.
The gnoll is poisoned.
The gnoll convulses.
You kill the gnoll!
Your Fighting skill increases to level 2!
Things that are here:
a +0 flail; 15 gold pieces
Things that are here:
a poisoned dart; a rat corpse
d - a poisoned dart You see here a poisoned dart.
d - 2 poisoned darts (gained 1)
You see here a +0 flail.
The black bear looks more healthy.
The gnoll barely misses you.
The gnoll hits you from afar with a +0 halberd!
You die...

#.# ##### #.# #####
######...# #.# ...#
#........# #.#
#######.####.####...# #.#
#............#####.## ##.#
#.##..........†.##.#
.#.###.##.##.###..##.##.#
#####
.......##.##...)..##.##.#
#....
.####..g..((...#@###h##.#
#.### ...g......####.#.#
#.##<# #.# #####..(......)g.#
#)##.#####.###
##.#.........###.##..........
#.#..............#######.###
#............##..# #.#
######................# #.#
..................###.# #.#
########..........# #.#
#####.###


You could see a gnoll.

Vanquished Creatures
  A hound skeleton (D:3)
  3 gnolls (D:3)
  2 adders (D:2)
  2 worms
  A dart slug (D:2)
  4 bats
  3 endoplasms
  4 giant cockroaches (D:1)
  4 goblins
  5 hobgoblins
  7 jackals
  2 kobolds
  2 frilled lizards (D:1)
  5 rats
45 creatures vanquished.

Vanquished Creatures (others)
  18 plants (D:3)
18 creatures vanquished.

Grand Total: 63 creatures vanquished

Notes
Turn   | Place    | Note
-------+----------+-------------------------------------------
     0 | D:1      | styxcanada the Spriggan Brigand began the quest for the
                  | Orb.
     0 | D:1      | Reached XP level 1. HP: 10/10 MP: 2/2
    48 | D:1      | Reached skill level 6 in Stealth
   146 | D:1      | Found a faded altar of an unknown god.
   588 | D:1      | Reached XP level 2. HP: 14/14 MP: 3/3
  1429 | D:2      | Reached skill level 7 in Stealth
  1429 | D:2      | Reached XP level 3. HP: 18/18 MP: 4/4
  2373 | D:3      | Reached XP level 4. HP: 17/23 MP: 5/5
  3047 | D:3      | Noticed a black bear
  3098 | D:3      | Slain by a gnoll

Illustrated notes

Levels and vault maps discovered:
D:1:      beargit_arrival_diablo_church, layout_loops_corners,
          shapermc_ecumenical_altar_mp_vishouse, st_stairs_12,
          minmay_tromino_mix6
D:2:      layout_basic
D:3:      layout_loops_ring, nicolae_grassy_gnolls

Skill      XL: |  1  2  3  4 |
---------------+-------------+-----
Stealth        | 6 7 |  7.8
Dodging        | 2 |  2.5
Fighting       | 2 |  2.0
Short Blades   | |  2.7
Throwing       | |  2.4

Action                   |  1- 3 |  4- 6 || total
-------------------------+-------+-------++-------
Melee: Dagger            |    78 |    40 ||   118
       Punch             |     1 |       ||     1
Throw: Dart              |    16 |    17 ||    33
 Stab: Sleeping          |    13 |     2 ||    15
Armor: Robe              |    12 |     6 ||    18
Dodge: Dodged            |    40 |    32 ||    72
